AoeStats
← Talerx3764

Arabia

506308481Analyzed
2v2 RM · 18d ago on Sep 13, 2026· 18m 15s· 4 players
Game mode
Random Map
Map size
Medium (4 player)
Population
200
Speed
Normal
Resources
Standard
Victory
Conquest
Starting age
Dark Age
Ending age
Imperial Age
RankedLock teamsTeams togetherTeam positionsShared explorationLock speedFull tech treeHidden civsTurbo modeCheats
Victory
Defeat
🇨🇱 Goths · Chile
760
+15
🇺🇸 Byzantines · United States
756
+15
🇨🇴 Persians · Colombia
755
-16
720
-14
Navix de los Bosques de Lituania
4:03 Loom
12:05 Feudal Age
12:06 Man-at-Arms
12:31 Arson
13:20 Long Swordsman
17:00 Wheelbarrow
Derzer
8:05 Loom
9:52 Feudal Age
13:29 Man-at-Arms
15:32 Arson
18:06 Wheelbarrow
17:17 Town Watch
Koi boy 1999
11:42 Feudal Age
12:35 Horse Collar
12:42 Double-Bit Axe
Talerx3764
0:37 Loom
9:49 Feudal Age
10:15 Horse Collar
10:22 Double-Bit Axe
12:39 Man-at-Arms
15:23 Forging
Connection lost

Rejoining the realm…

Still unreachable

The connection could not be restored.

Session expired

The server has moved on; the page needs a fresh start.